 Dungeon Crawl Stone Soup version 0.19.4 (webtiles) character file.

4064 esteth the Severer (level 10, -11/79 HPs)
             Began as a Minotaur Fighter on Feb 1, 2017.
             Was an Initiate of Makhleb.
             Killed from afar by Jooles's ghost (29 damage)
             ... with an orb of energy
             ... on level 9 of the Dungeon.
             The game lasted 00:17:54 (7786 turns).

esteth the Severer (Minotaur Fighter)               Turns: 7786, Time: 00:17:55

Health: -11/79     AC: 16    Str: 20    XL:     10   Next: 5%
Magic:  10/10      EV:  5    Int:  5    God:    Makhleb [......]
Gold:   365        SH:  5    Dex: 14    Spells: 0 memorised, 9 levels left

rFire  . . .     SeeInvis .     a - +2 war axe
rCold  . . .     Gourm    .     p - +0 plate armour
rNeg   . . .     Faith    .     q - +0 buckler
rPois  .         Spirit   .     (helmet restricted)
rElec  .         Reflect  .     B - +0 cloak
rCorr  .         Harm     .     o - +0 pair of gloves
MR     .....                    i - +1 pair of boots
Stlth  ..........               w - amulet of rage
                                (no ring)
                                (no ring)

@: lethally poisoned (-11 -> -14)
A: retaliatory headbutt, horns 2, wild magic 1
a: Renounce Religion, Evoke Berserk Rage


You were on level 9 of the Dungeon.
You worshipped Makhleb.
Makhleb was noncommittal.
You were hungry.

You visited 2 branches of the dungeon, and saw 10 of its levels.
You also visited: Sewer.

You collected 365 gold pieces.

Inventory:

Hand Weapons
 a - a +2 war axe (weapon)
Missiles
 n - 8 poisoned tomahawks (quivered)
Armour
 b - a +0 scale mail
 c - a +0 shield
 i - a +1 pair of boots (worn)
 o - a +0 pair of gloves (worn)
 p - a +0 plate armour (worn)
 q - a +0 buckler (worn)
 B - a +0 cloak (worn)
Jewellery
 w - an amulet of rage (around neck)
Wands
 g - a wand of iceblast (9/15)
 k - a wand of polymorph (7/24)
 t - a wand of acid (15/15)
 v - a wand of random effects (17/48)
 D - a wand of confusion (18/48)
Scrolls
 d - 3 scrolls of magic mapping
 e - 3 scrolls of remove curse
 h - 4 scrolls of fear
 u - 4 scrolls of teleportation
 x - 2 scrolls of identify
 y - a scroll of amnesia
 z - 2 scrolls of blinking
 A - 2 scrolls of recharging
 C - 3 scrolls of random uselessness {unknown}
Potions
 r - 2 potions of brilliance
 s - 3 potions of flight
Comestibles
 f - 10 bread rations
 j - 2 slices of pizza
 l - 6 fruits
 m - 6 meat rations


   Skills:
 + Level 4.2 Fighting
 - Level 16.0 Axes
 - Level 3.6 Armour
 - Level 3.6 Shields
 - Level 2.0 Invocations


You had 9 spell levels left.
You didn't know any spells.

Dungeon Overview and Level Annotations

Branches:
Dungeon (9/15)             Temple (1/1) D:7
   Lair: D:8-11         Orc: D:9-12

Altars:
Ashenzari
Cheibriados
Dithmenos
Elyvilon
Fedhas
Gozag
Hepliaklqana
Kikubaaqudgha
Makhleb
Nemelex Xobeh
Okawaru
Qazlal
Ru
Sif Muna
Trog
Uskayaw
Vehumet
Xom
Yredelemnul
Zin
The Shining One

Shops:
D:7 }

Annotations:
D:9 Jooles's ghost, novice HECj


Innate Abilities, Weirdness & Mutations

You reflexively headbutt those who attack you in melee.
You have a pair of horns on your head.
Your spells are a little harder to cast, but a little more powerful.


Message History

Your headbutt misses Jooles's ghost.
You feel sick.
You closely miss Jooles's ghost.
You feel sick. You block Jooles's ghost's attack.
Your plate armour prevents you from hitting Jooles's ghost.
You block Jooles's ghost's attack.
You miss Jooles's ghost.
You feel sick.
Jooles's ghost hits you but does no damage.
You hit Jooles's ghost. Your headbutt misses Jooles's ghost.
Jooles's ghost is lightly damaged.
You hit Jooles's ghost. Your headbutt misses Jooles's ghost.
Jooles's ghost is lightly damaged.
You feel sick. Jooles's ghost casts a spell at you. The orb of energy hits you!
The battlesphere fires!
The barrage of energy hits you!
* * * LOW HITPOINT WARNING * * *
You feel sick. Jooles's ghost casts a spell at you. The orb of energy hits you!
You die...

. .. ...
....############
..........*.....
........<.......
......W@........
................
................
................
................
................
##########+##+#.


You could see a battlesphere and Jooles's ghost.

Vanquished Creatures
  4 hippogriffs
  Sigmund (D:5)
  A hungry ghost (D:7)
  An orc warrior (D:6)
  A sky beast (D:8)
  4 ice beasts
  Purgy (Sewer)
  2 ogres
  2 phantoms
  5 centaurs
  A necrophage (D:7)
  3 bullfrogs
  A gnoll sergeant (D:6)
  A wyvern skeleton (D:8)
  A scorpion (D:6)
  2 crimson imps
  A bullfrog zombie (D:5)
  2 hounds (D:5)
  3 orc priests
  A jelly (D:7)
  10 orc wizards
  A bullfrog skeleton (D:6)
  A centaur skeleton (D:6)
  3 iguanas
  Natasha (thrice) (D:3)
  6 worker ants
  A howler monkey zombie (D:7)
  12 gnolls
  A river rat (D:4)
  6 adders
  A shadow imp (D:8)
  An ooze (D:2)
  An adder skeleton (D:6)
  3 dart slugs
  2 worms (D:3)
  4 leopard geckos
  23 orcs
  3 ball pythons
  9 giant cockroaches
  6 goblins
  7 hobgoblins
  2 jackals (D:1)
  12 kobolds
  A quokka (D:4)
  5 bats
  8 frilled lizards
  2 quokka skeletons
  10 rats
182 creatures vanquished.

Notes
Turn   | Place    | Note
-------+----------+-------------------------------------------
     0 | D:1      | esteth the Minotaur Fighter began the quest for the Orb.
     0 | D:1      | Reached XP level 1. HP: 19/19 MP: 0/0
    72 | D:1      | Reached skill level 3 in Axes
    80 | D:1      | Reached XP level 2. HP: 26/26 MP: 1/1
   427 | D:1      | Reached skill level 4 in Axes
   444 | D:1      | Reached XP level 3. HP: 31/31 MP: 2/2
   968 | D:2      | Reached skill level 5 in Axes
  1102 | D:2      | Reached XP level 4. HP: 39/39 MP: 3/3
  1171 | D:3      | Noticed Natasha
  1181 | D:3      | Killed Natasha
  1368 | D:3      | Found a faded altar of an unknown god.
  1368 | D:3      | Noticed Natasha
  1379 | D:3      | Killed Natasha
  1379 | D:3      | Reached skill level 6 in Axes
  1592 | D:3      | Noticed Natasha
  1596 | D:3      | Killed Natasha
  1596 | D:3      | Reached XP level 5. HP: 38/45 MP: 4/4
  1700 | D:3      | Reached skill level 7 in Axes
  2430 | D:4      | Reached XP level 6. HP: 51/51 MP: 5/5
  2441 | D:4      | Found a glowing drain.
  2446 | Sewer    | Entered a sewer
  2497 | Sewer    | Noticed Purgy
  2504 | Sewer    | Killed Purgy
  2504 | Sewer    | Reached skill level 8 in Axes
  2643 | D:4      | Found a radiant altar of Vehumet.
  2729 | D:4      | Found an iron altar of Okawaru.
  2958 | D:4      | Reached skill level 9 in Axes
  3031 | D:4      | Found a blossoming altar of Fedhas.
  3071 | D:4      | Reached XP level 7. HP: 54/57 MP: 6/6
  3388 | D:5      | Entered Level 5 of the Dungeon
  3473 | D:5      | Reached skill level 10 in Axes
  3984 | D:5      | Found a deep blue altar of Sif Muna.
  4083 | D:5      | Reached skill level 11 in Axes
  4090 | D:5      | Got a crystal trident {freeze}
  4091 | D:5      | Identified the cursed +0 trident of Dissent {freeze, Str+4} (You took it off an orc on level 5 of the Dungeon)
  4194 | D:5      | Got a transparent whip
  4195 | D:5      | Identified the cursed +2 whip of Muots {slash, -Tele +Fly rElec Stlth-} (You found it on level 5 of the Dungeon)
  4273 | D:5      | Reached XP level 8. HP: 63/64 MP: 7/7
  4377 | D:5      | Noticed Sigmund
  4393 | D:5      | Killed Sigmund
  4393 | D:5      | Reached skill level 12 in Axes
  4554 | D:5      | Gained mutation: Your spells are a little harder to cast, but a little more powerful. [potion of beneficial mutation]
  5084 | D:6      | Reached skill level 13 in Axes
  5372 | D:6      | Reached XP level 9. HP: 70/70 MP: 8/8
  5484 | D:6      | Reached skill level 14 in Axes
  6120 | D:7      | Reached skill level 15 in Axes
  6665 | D:7      | Found a staircase to the Ecumenical Temple.
  6671 | Temple   | Entered the Ecumenical Temple
  6742 | Temple   | Became a worshipper of Makhleb the Destroyer
  7129 | D:7      | Found Julewor's Gadget Shop.
  7190 | D:7      | Reached skill level 16 in Axes
  7305 | D:8      | Reached skill level 1 in Invocations
  7507 | D:8      | Reached XP level 10. HP: 54/77 MP: 8/10
  7761 | D:9      | Noticed Jooles's ghost (novice HECj)
  7786 | D:9      | Killed from afar by Jooles's ghost

Skill      XL: |  1  2  3  4  5  6  7  8  9 10 |
---------------+-------------------------------+-----
Axes           | 3 4 5 6 7 9 11 13 16 | 16.0
Invocations    | 2 |  2.0
Fighting       | 4 |  4.2
Armour         | |  3.6
Shields        | |  3.6

Action                   |  1- 3 |  4- 6 |  7- 9 | 10-12 || total
-------------------------+-------+-------+-------+-------++-------
Melee: War axe           |   100 |   131 |   323 |    25 ||   579
       Headbutt          |    11 |    21 |    61 |     3 ||    96
 Abil: Evoke Berserk Rag |       |       |     2 |       ||     2
  Use: Scroll            |       |    12 |     7 |       ||    19
       Potion            |       |     1 |     8 |       ||     9
  Eat: Chunk             |     1 |     6 |    20 |       ||    27
Armor: Scale mail        |    35 |       |       |       ||    35
       Plate armour      |     7 |    83 |   188 |    11 ||   289
Dodge: Dodged            |    24 |    34 |    71 |     3 ||   132
Block: Shield            |    55 |       |       |       ||    55
       Buckler           |       |    29 |    47 |     3 ||    79
